Map: 2000 애트모스피어 - 래더

Players

DPGCure (Cure) - Winner!

  • Race: Terran Terran

DPGDark (Dark)

  • Race: Zerg Zerg
  • League: Master

Event: DreamHack SC2 Masters Last Chance 2022

VOD

Have the link to the VOD?

Description

Time

  • Played on: Dec. 15, 2021, 5:35 a.m.
  • Length: 10:34

All games in this series

Show
View Real Time Build Order
Export as new Build Order

DPGCure Terran - Winner!

Build Orders: Hellion Banshee 

Get SALT Encoding   

  12  0:00  SCV  
  13  0:12  SCV  
  14  0:17  Supply Depot  
  14  0:24  SCV  
  15  0:39  Barracks  
  15  0:50  Barracks  
  15  0:54  SCV  
  16  0:59  Refinery  
  16  1:06  SCV  
  17  1:18  SCV  
  18  1:25  Marine  
  18  1:30  Orbital Command  
  19  1:36  Marine  
  20  1:40  Supply Depot  
  20  1:43  Marine  
  21  1:54  Marine  
  21  1:57  Bunker  
  21  1:58  SCV  
  23  2:02  Marine  
  24  2:12  Marine  
  25  2:16  Factory  
  25  2:19  Marine  
  26  2:28  SCV  
  24  2:34  Marine  
  24  2:37  Marine  
  24  2:45  SCV  
  24  2:50  Supply Depot  
  25  2:55  Marine x2  
  25  2:57  SCV  
  28  3:01  Factory Reactor  
  28  3:02  Starport  
  28  3:09  SCV  
  29  3:13  Marine x2  
  31  3:22  SCV  
  31  3:25  Supply Depot  
  32  3:38  SCV  
  32  3:39  Hellion x2, Medivac  
  39  3:50  SCV  
  37  4:00  Hellion x2  
  37  4:02  SCV  
  40  4:12  Starport Tech Lab  
  38  4:20  Command Center  
  38  4:22  Hellion  
  39  4:24  Hellion  
  39  4:26  SCV  
  40  4:34  Banshee  
  43  4:41  Refinery  
  43  4:43  Marine  
  43  4:44  Marine  
  45  4:48  SCV  
  45  4:50  Supply Depot  
  46  4:54  Cloaking Field  
  46  5:00  SCV  
  47  5:07  Barracks Tech Lab  
  47  5:12  SCV  
  48  5:22  Marine x2  
  48  5:24  SCV  
  48  5:25  Viking  
  53  5:32  Factory Reactor  
  53  5:33  Orbital Command  
  53  5:37  SCV  
  53  5:40  Marine  
  53  5:41  Marine x2  
  57  5:49  SCV  
  58  6:01  SCV  
  58  6:02  SCV  
  58  6:03  Marine x3  
  63  6:07  Supply Depot  
  63  6:12  Command Center  
  63  6:15  SCV x2  
  65  6:21  Supply Depot, Marine x3  
  65  6:24  Medivac  
  70  6:29  Medivac  
  72  6:33  SCV x2  
  72  6:37  Supply Depot  
  72  6:38  Siege Tank  
  77  6:43  Marine  
  77  6:44  Marine  
  77  6:45  SCV  
  77  6:46  SCV  
  81  6:57  Marine  
  81  6:58  SCV x2  
  84  7:01  Marine x2  
  86  7:10  Siege Tank  
  86  7:14  Refinery  
  86  7:15  SCV x2, Refinery  
  91  7:17  Barracks  
  91  7:19  Starport Reactor, Marine x3  
  94  7:25  Stimpack  
  94  7:27  Orbital Command  
  92  7:32  SCV x2, Engineering Bay x2  
  94  7:44  SCV x2  
  94  7:47  Marine x3  
  94  7:49  Siege Tank  
  102  7:58  SCV x2  
  102  8:01  Terran Infantry Weapons Level 1, Terran Infantry Armor Level 1  
  100  8:08  Marine x2  
  98  8:13  Marine x3  
  98  8:14  Orbital Command  
  98  8:15  Medivac  
  98  8:16  SCV  
  98  8:17  SCV  
  98  8:20  Medivac  
  98  8:26  Marine  
  99  8:28  Supply Depot  
  99  8:29  SCV x2  
  101  8:36  Barracks  
  101  8:38  Siege Tank, Barracks  
  101  8:40  SCV  
  104  8:41  SCV  
  104  8:44  SCV  
  104  8:47  Medivac  
  108  8:49  Supply Depot  
  108  8:52  SCV  
  108  8:53  Missile Turret, SCV  
  110  8:56  SCV  
  110  8:57  Marine x2  
  110  8:58  Marine x3  
  116  9:04  Combat Shield  
  116  9:06  SCV  
  116  9:08  Supply Depot  
  116  9:09  Supply Depot  
  117  9:11  Supply Depot, Medivac, SCV x2  
  117  9:15  Refinery, Armory  
  121  9:20  Marine x4  
  125  9:24  Barracks Reactor  
  125  9:30  Siege Tank, Marine  
  128  9:37  Marine x3  
  128  9:38  Barracks Tech Lab  
  124  9:40  SCV x2  
  124  9:41  SCV  
  127  9:48  Marauder  
  129  9:55  Marine x4  
  133  10:00  Command Center  
  133  10:09  Marauder x2  
Show
View Real Time Build Order
Export as new Build Order

DPGDark Zerg 

Build Orders: Hatch First 

Get SALT Encoding   

  12  0:00  Drone  
  13  0:11  Overlord  
  13  0:16  Drone  
  14  0:30  Drone x2  
  16  0:47  Hatchery  
  15  0:50  Drone  
  15  0:54  Drone  
  17  0:57  Drone  
  18  1:08  Extractor  
  17  1:13  Spawning Pool  
  17  1:16  Drone  
  17  1:20  Drone  
  18  1:29  Drone  
  19  1:39  Drone  
  20  1:48  Drone  
  21  2:00  Queen x2  
  26  2:01  Zergling x4  
  26  2:08  Spine Crawler  
  26  2:15  Drone  
  27  2:19  Drone  
  22  2:30  Drone  
  22  2:35  Drone  
  21  2:41  Drone  
  21  2:44  Drone x2  
  23  2:54  Metabolic Boost  
  23  3:01  Drone  
  23  3:03  Drone  
  23  3:05  Drone  
  26  3:11  Zergling x4  
  28  3:20  Zergling x2, Overlord  
  28  3:31  Overlord  
  28  3:39  Zergling x10  
  33  3:46  Queen  
  34  3:56  Zergling x6  
  34  4:02  Drone  
  38  4:05  Drone  
  39  4:13  Drone  
  39  4:18  Overlord  
  39  4:22  Hatchery  
  39  4:23  Drone  
  39  4:27  Drone  
  40  4:33  Drone  
  40  4:36  Drone  
  41  4:38  Queen  
  41  4:45  Drone  
  44  4:47  Drone  
  45  4:53  Drone, Roach Warren  
  45  4:54  Drone  
  45  4:58  Drone, Extractor  
  46  5:05  Drone x2  
  45  5:08  Drone  
  45  5:12  Drone  
  48  5:14  Drone  
  48  5:17  Drone  
  48  5:18  Drone  
  51  5:21  Drone  
  51  5:26  Overlord  
  51  5:41  Drone x2  
  51  5:42  Drone x3  
  56  5:44  Spore Crawler x2  
  56  5:46  Queen  
  56  5:48  Drone  
  57  5:51  Drone  
  57  5:56  Drone, Spore Crawler  
  58  5:57  Drone  
  58  5:58  Drone  
  60  6:05  Lair  
  60  6:06  Drone  
  60  6:11  Overlord x2  
  62  6:14  Overlord  
  62  6:17  Overlord  
  62  6:21  Overlord  
  61  6:29  Burrow, Spore Crawler  
  61  6:30  Drone  
  61  6:31  Drone  
  62  6:36  Drone x3  
  62  6:37  Drone  
  62  6:38  Drone  
  67  6:42  Drone x2  
  67  6:44  Drone  
  67  6:46  Drone  
  69  6:48  Drone  
  69  6:52  Drone x2  
  69  6:54  Drone  
  69  6:56  Drone x2  
  69  7:00  Drone x2  
  71  7:03  Drone  
  71  7:04  Drone x2  
  71  7:06  Drone, Overseer  
  74  7:11  Extractor  
  74  7:12  Drone x4  
  76  7:15  Drone  
  76  7:16  Drone  
  76  7:18  Drone  
  76  7:19  Drone  
  76  7:21  Drone  
  81  7:28  Extractor  
  81  7:29  Drone x2  
  81  7:31  Drone  
  81  7:32  Extractor x2  
  81  7:34  Queen x2  
  84  7:42  Roach  
  84  7:43  Roach  
  88  7:49  Overlord x2  
  88  7:51  Overlord x5  
  88  7:57  Roach  
  88  7:58  Roach  
  87  8:00  Roach  
  87  8:01  Zergling x2, Roach  
  87  8:02  Zergling x2  
  86  8:11  Drone x5  
  83  8:14  Drone x2  
  82  8:22  Extractor  
  81  8:27  Drone x2  
  81  8:28  Drone  
  81  8:32  Evolution Chamber x2  
  82  8:35  Drone  
  82  8:37  Drone x2  
  85  8:44  Roach x2  
  85  8:47  Infestation Pit  
  88  8:49  Roach, Glial Reconstitution  
  88  8:52  Overseer  
  90  8:56  Drone x3  
  90  8:57  Drone x4, Hatchery  
  90  9:00  Queen x2  
  90  9:01  Roach x2  
  100  9:09  Roach x2  
  106  9:10  Roach  
  106  9:19  Drone  
  106  9:23  Roach  
  106  9:24  Roach x2  
  113  9:26  Infestor x2  
  115  9:35  Roach x4  
  115  9:36  Roach x2  
  115  9:38  Roach  
  125  9:43  Overlord  
  125  9:47  Overlord  
  125  9:49  Ravager x3  
  125  9:51  Roach  
  130  9:57  Roach x3  
  128  10:01  Roach  
  128  10:03  Zergling x2  
  128  10:04  Zergling x8  
  128  10:05  Ravager x2  
  137  10:09  Roach x2  
  137  10:13  Roach  

Tags
 
Add a new tag
Caveats
  • Supply blocks, unpowered buildings, or Contaminate may cause inaccurate times.
  • Supply counts are checked every 10 seconds.